 Dungeon Crawl Stone Soup version 0.31-a0-983-g7b6862f502 (webtiles) character file.

Game seed: 5606485398570935841

181179 Maratek the Impaler (level 17, -6/132 (146) HPs)
             Began as a Minotaur Fighter on Nov 1, 2023.
             Was the Champion of Hepliaklqana.
             Mangled by a halazid warlock (7 damage)
             ... in the Desolation of Salt on Nov 2, 2023.
             The game lasted 01:07:09 (28885 turns).

Maratek the Impaler (Minotaur Fighter)             Turns: 28885, Time: 01:07:11

HP:   -6/132 (146)  AC: 31    Str: 37    XL:     17   Next: 33%
MP:   0/16          EV: 10    Int: 13    God:    Hepliaklqana [******]
Gold: 3263          SH: 17    Dex: 14    Spells: 16/16 levels left

rFire   + + +        v - +9 lance "Wyrmbane" {slay drac, rPois rF+ rC+ AC+3}
rCold   + + .        O - +4 kite shield
rNeg    . . .        D - +3 plate armour "Xossaf" {Rampage Slay+6}
rPois   +            j - +2 hat {SInv}
rElec   .            u - scarf {rC+ rF+}
rCorr   .            E - +0 pair of gloves of the Mind {Will+ Int+5}
SInv    +            F - +2 pair of boots of Gravity {Str+3}
Will    +....        X - amulet of guardian spirit Stlth
                     e - ring "Gaehi" {rF+ Str+6 Int+3 Dex+3}
HPRegen 0.42/turn    x - ring "Atoob" {Wiz Will+}
MPRegen 0.15/turn

%: guardian spirit, rampage, wizardry (x1)
@: about to teleport, weak-willed, drained
A: reduced essence, horns 2, retaliatory headbutt, wild magic 1
}: 1/15 runes: gossamer
a: Renounce Religion, Recall Ancestor, Ancestor Identity, Transference, Idealise


You were in the Desolation of Salt.
You worshipped Hepliaklqana.
Hepliaklqana was exalted by your worship.
You visited 6 branches of the dungeon, and saw 29 of its levels.
You also visited: Sewer, Ossuary, Gauntlet and Desolation.

You collected 3607 gold pieces.
You spent 344 gold pieces at shops.

Inventory:

Hand Weapons
 f - the +6 lajatang of Balance {spect, rCorr}
   (You acquired it on level 1 of the Dungeon)

   rCorr:     It protects you from acid and corrosion.
 v - the +9 lance "Wyrmbane" (weapon) {slay drac, rPois rF+ rC+ AC+3}
   (You took it off Maggie on level 6 of the Dungeon)

   AC+3:      It affects your AC (+3).
   rF+:       It protects you from fire.
   rC+:       It protects you from cold.
   rPois:     It protects you from poison
Missiles
 t - 5 throwing nets
Armour
 j - a +2 hat of see invisible (worn)
 u - a scarf of resistance (worn)
 D - the +3 plate armour "Xossaf" (worn) {Rampage Slay+6}
   (You acquired it in an ossuary)

   Slay+6:    It affects your accuracy & damage with ranged weapons and melee
   (+6).
   Rampage:   It bestows one free step when moving towards enemies.
 E - the +0 pair of gloves of the Mind (worn) {Will+ Int+5}
   (You found it in a Gauntlet)

   Int+5:     It affects your intelligence (+5).
   Will+:     It increases your willpower.
 F - the +2 pair of boots of Gravity (worn) {Str+3}
   (You found it on level 4 of the Spider Nest)

   Str+3:     It affects your strength (+3).
 O - a +4 kite shield (worn)
Jewellery
 a - a ring of resist corrosion
 c - a ring of flight
 e - the ring "Gaehi" (left hand) {rF+ Str+6 Int+3 Dex+3}
   (You acquired it on level 1 of the Dungeon)

   [ring of strength]

   Str+6:     It affects your strength (+6).
   Int+3:     It affects your intelligence (+3).
   Dex+3:     It affects your dexterity (+3).
   rF+:       It protects you from fire.
 r - a +4 ring of protection
 x - the ring "Atoob" (right hand) {Wiz Will+}
   (You found it in a Gauntlet)

   [ring of wizardry]

   Wiz:       It improves your spell success rate.
   Will+:     It increases your willpower.
 K - a +6 ring of intelligence
 N - an amulet of reflection
 R - a ring of positive energy
 S - a +5 ring of evasion
 X - an amulet of guardian spirit (around neck)
Wands
 h - a wand of charming (29)
 s - a wand of iceblast (8)
 H - a wand of flame (47)
 J - a wand of digging (4)
 L - a wand of quicksilver (16)
Scrolls
 b - 8 scrolls of amnesia
 g - 18 scrolls of teleportation
 i - a scroll of revelation
 y - 9 scrolls of enchant weapon
 A - 12 scrolls of identify
 C - 2 scrolls of silence
 I - 4 scrolls of poison
 M - 2 scrolls of fog
 U - 3 scrolls of fear
Potions
 d - 2 potions of might
 k - 14 potions of ambrosia
 l - 3 potions of brilliance
 n - 8 potions of heal wounds
 o - 3 potions of curing
 p - 4 potions of berserk rage
 q - 2 potions of invisibility (quivered)
 z - 5 potions of resistance
 B - 2 potions of lignification
 G - a potion of magic
 P - a potion of attraction
 V - 2 potions of enlightenment
Miscellaneous
 Q - a lightning rod (4/4)
 T - a sack of spiders


   Skills:
 + Level 17.9 Fighting
 + Level 3.5(12.6) Axes
 + Level 18.5(19.4) Polearms
 + Level 9.5(15.1) Staves
 + Level 17.0 Armour
 + Level 4.6 Dodging
 + Level 11.5 Stealth
 + Level 14.7 Shields
 + Level 0.2 Evocations


You had 16 spell levels left.
You didn't know any spells.
Your spell library contained the following spells:

 Spells                   Type           Power      Damage    Failure   Level
 Apportation              Tloc           0%         N/A       56%         1
 Magic Dart               Conj           0%         1d3       56%         1
 Necrotise                Necr           0%         1d4       56%         1
 Shock                    Conj/Air       0%         1d3       56%         1
 Sting                    Tmut/Pois      0%         1d3       56%         1
 Summon Small Mammal      Summ           0%         N/A       56%         1
 Blink                    Tloc           0%         N/A       69%         2
 Ensorcelled Hibernation  Hex/Ice        0%         N/A       69%         2
 Jinxbite                 Hex            0%         N/A       69%         2
 Lesser Beckoning         Tloc           0%         N/A       69%         2
 Momentum Strike          Conj/Tloc      0%         3d8       69%         2
 Poisonous Vapours        Pois/Air       0%         N/A       69%         2
 Searing Ray              Conj           0%         2d4       69%         2
 Sublimation of Blood     Necr           0%         N/A       69%         2
 Wereblood                Tmut           0%         N/A       69%         2
 Frozen Ramparts          Ice            0%         1d1       88%         3
 Tukima's Dance           Hex            0%         N/A       88%         3
 Anguish                  Hex/Necr       0%         N/A       99%         4
 Dimensional Bullseye     Hex/Tloc       0%         N/A       99%         4
 Fulminant Prism          Conj/Hex       0%         3d5       99%         4
 Iskenderun's Mystic Bla  Conj/Tloc      0%         2d3       99%         4
 Olgreb's Toxic Radiance  Pois           0%         N/A       99%         4
 Petrify                  Tmut/Erth      0%         N/A       99%         4
 Arcjolt                  Conj/Air       0%         1d10      100%        5
 Irradiate                Conj/Tmut      0%         3d11      100%        5
 Metabolic Englaciation   Hex/Ice        0%         N/A       100%        5
 Spellforged Servitor     Conj/Summ      0%         N/A       100%        7


Dungeon Overview and Level Annotations

Branches:
Dungeon (15/15)            Temple (1/1) D:5            Lair (5/5) D:9
 Shoals (0/4) Lair:3       Spider (4/4) Lair:3        Slime (0/5) Lair:5
    Orc (2/2) D:9             Elf (2/3) Orc:2        Vaults (0/5) D:13
 Depths (0/4) D:15          Sewer (visited)         Ossuary (visited)
Desolation (1/1)          Gauntlet (visited)

Altars:
Ashenzari
Cheibriados
Dithmenos
Elyvilon
Fedhas
Gozag
Hepliaklqana
Kikubaaqudgha
Makhleb
Nemelex Xobeh
Okawaru
Qazlal
Ru
Sif Muna
Trog
Uskayaw
Vehumet
Wu Jian
Xom
Yredelemnul
Zin
The Shining One
Lugonu

Shops:
D:13 =   D:14 *   Orc:2 :[[[

Portals:
Abyss: Lair:5

Annotations:
D:3 1 runed translucent door, Crazy Yiuf
D:14 1 runed translucent door
Lair:1 3 runed translucent doors, Zgarb's ghost, journeyman TrSh
Lair:2 2 transporters, makewrite's ghost, journeyman MiBe
Lair:3 3 runed translucent doors, Mustrin's ghost, adept OpCA
Elf:1 Roxanne


Innate Abilities, Weirdness & Mutations

Your life essence is reduced to manifest your ancestor. (-10% HP)
You have a pair of horns on your head.
You reflexively headbutt those who attack you in melee.
Your spells are a little harder to cast, but a little more powerful.


Message History

You are too injured to fight recklessly!
Unknown command.
You are too injured to fight recklessly!
Okay, then.
You feel much better.
The peacekeeper bites Muretta!!
The peacekeeper closely misses Muretta.
The peacekeeper roars a battlecry!
The peacekeeper goes into a battle-frenzy!
The peacekeeper bites you! The peacekeeper misses you.
You block the imperial myrmidon's attack.
Muretta hits the peacekeeper but does no damage.
The peacekeeper bites Muretta!
Muretta is destroyed!
The halazid warlock touches you.
You writhe in agony!
As you read the scroll of teleportation, it crumbles to dust.
You feel strangely unstable.
The peacekeeper no longer looks unusually strong.
The peacekeeper bites you but does no damage.
The peacekeeper closely misses you.
The imperial myrmidon hits you with a +0 scimitar!
Your willpower is stripped away!
The halazid warlock points at you and mumbles some strange words.
The bolt of negative energy hits you.
You feel drained.
The bolt of negative energy hits the peacekeeper.
The peacekeeper completely resists.
The peacekeeper closely misses you. You block the peacekeeper's attack.
As you read the scroll of revelation, it crumbles to dust.
You feel aware of your surroundings.
You carefully extract the barbed spikes from your body.
You block the peacekeeper's attack. x2
The imperial myrmidon hits you with a +0 scimitar!!
* * * LOW HITPOINT WARNING * * *
The peacekeeper barely misses you.
The peacekeeper claws you but does no damage.
The peacekeeper bites you!
* * * LOW HITPOINT WARNING * * *
You block the peacekeeper's attack. The halazid warlock touches you!
* * * LOW HITPOINT WARNING * * *
You writhe in agony!
You die...

##################,,,,,,,,,,,,,,,
########################,,,,,,,,,
..............§§§§......,,,,,,,,,
..............§§§§§.....,,,,,,,,,
...............§§§....§.,,,,,,,,,
..........#§###§§§§§§§§.,,,,,,,,,
............§§§§§§9§§§§§,,,,,,,,,
............§§§§9§§§§§§§,,,,,,,,,
.............###@99§§§§§,,,,,,,,,
.........#######La9§§§§§,,,,,,,,,
.........#[[[..99§§§.§§§,,,,,,,,,
.§......##....§9§§#.....,,,,,,,,,
.§§§....*###..§§§§§.....,,,,,,,,,
..§.,,,,,###/...#.......,,,,,,,,,
..§.,,,,,..#....#.......,,,,,,,,,
§§..,,,,,.#.#....#....#.,,,,,,,,,
§§§.,,,,,*,,,,,,,,*,,,,*,,,,,,,,,


You could see an imperial myrmidon, a halazid warlock, 3 peacekeepers and 5
saltlings.

Vanquished Creatures
  Arachne (Spider:4)
  Rupert (D:15)
  Jorgrun (D:13)
  An emperor scorpion (Spider:4)
  7 ghost moths
  A reaper (Gauntlet)
  3 broodmothers
  A deep elf demonologist (Elf:1)
  A very ugly thing (D:15)
  A minotaur (Gauntlet)
  A spark wasp (Spider:4)
  A halazid warlock (Desolation)
  A fire dragon (D:14)
  4 entropy weavers
  An ettin (Orc:2)
  2 ragged hierophants (Desolation)
  8 vault guards (D:13)
  9 hydras
  A peacekeeper (Desolation)
  A jorogumo (Spider:3)
  Erica (D:11)
  4 radroaches
  A two-headed ogre (shapeshifter) (D:15)
  7 boulder beetles
  4 centaur warriors
  5 two-headed ogres
  6 demonic crawlers
  A tengu warrior (D:14)
  5 death yaks (Lair:5)
  2 orc high priests (Orc:2)
  3 thrashing horrors (Lair:5)
  A skyshark (Lair:3)
  A fire crab (D:14)
  Nergalle (Orc:1)
  4 deep elf knights (Elf:1)
  A sixfirhy (Gauntlet)
  4 pharaoh ants
  Lodul (D:14)
  6 orb spiders
  4 deep elf archers (Elf:1)
  3 steelbarb worms
  10 deep elf zephyrmancers (Elf:1)
  6 orc knights
  16 deep elf pyromancers
  12 wolf spiders
  5 ugly things
  3 orc sorcerers (Orc:2)
  A salamander (shapeshifter) (Lair:5)
  7 cyclopes
  5 manticores
  3 large abominations (Lair:5)
  An elephant (D:9)
  A moth of wrath (Spider:1)
  A merfolk siren (Lair:3)
  15 slime creatures
  3 black mambas
  A smoke demon (Lair:5)
  6 cane toads
  5 torpor snails
  An unseen horror (D:12)
  Maggie (D:6)
  6 komodo dragons
  3 rime drakes
  3 trolls
  A queen bee (Lair:3)
  4 polar bears
  Grinder (D:3)
  3 meliai (Spider:2)
  A merfolk (Lair:3)
  18 tarantellas
  6 hornets
  A tarantella (shapeshifter) (D:15)
  Prince Ribbit (D:9)
  8 saltlings (Desolation)
  17 blink frogs
  2 raiju (Lair:5)
  18 culicivoras
  6 flying skulls (Gauntlet)
  A water elemental (Elf:1)
  28 jumping spiders
  A shadow (D:10)
  2 wyverns
  A spriggan (Lair:5)
  Sigmund (D:6)
  28 yaks
  A vampire (D:12)
  3 basilisks (Lair:5)
  2 ynoxinuls (Lair:5)
  2 steam dragons
  2 wraiths
  2 chaos spawn (Lair:5)
  4 vampire mosquitoes (D:13)
  54 redbacks
  12 water moccasins
  An acid dragon (D:10)
  A hexer (Spider:4)
  A sky beast (D:8)
  An ice beast (D:7)
  21 orc warriors
  2 black bears
  11 ogres
  11 wolves
  A phantom (D:5)
  2 kobold brigands
  7 bullfrogs
  3 scorpions
  7 small abominations (Lair:5)
  37 killer bees
  6 howler monkeys
  2 electric eels
  A human zombie (Ossuary)
  3 jellies
  18 orc priests
  3 gnoll boudas
  2 hounds
  A sleepcap (D:4)
  Ijyb (D:3)
  4 iguanas
  9 orc wizards
  A hell rat (Sewer)
  2 hound zombies (Ossuary)
  3 mummies (Ossuary)
  Robin (D:2)
  17 gnolls
  2 river rats (Sewer)
  9 adders
  2 shadow imps
  A white imp (D:7)
  An ufetubus (Gauntlet)
  3 worms
  2 dart slugs
  63 orcs
  3 ball pythons
  10 endoplasms
  9 giant cockroaches
  A gnoll zombie (Ossuary)
  12 goblins
  8 hobgoblins
  8 jackals
  11 kobolds
  4 quokkas
  5 bats
  A frilled lizard (D:2)
  A goblin zombie (Ossuary)
  3 hobgoblin zombies (Ossuary)
  A jackal zombie (Ossuary)
  2 kobold zombies (Ossuary)
  8 rats
808 creatures vanquished.

Vanquished Creatures (collateral kills)
  An emperor scorpion (Spider:4)
  A broodmother (Spider:3)
  A deep elf annihilator (Elf:1)
  2 boulder beetles
  A catoblepas (Lair:2)
  A radroach (Spider:2)
  A death yak (Lair:5)
  An orc high priest (Orc:2)
  A demonic crawler (Spider:4)
  A pharaoh ant (Spider:4)
  2 orb spiders
  A deep elf pyromancer (Elf:1)
  An orc sorcerer (Orc:2)
  3 ugly things (D:14)
  A wolf spider (Spider:2)
  Maurice (D:11)
  An unseen horror (D:11)
  An efreet (D:15)
  A hornet (Spider:4)
  A tarantella (Spider:2)
  A saltling (Desolation)
  A slime creature (D:15)
  3 jumping spiders
  3 culicivoras (Spider:4)
  A spriggan (Lair:5)
  2 yaks
  Eustachio (D:6)
  A basilisk (Lair:5)
  A redback (Spider:4)
  2 orc warriors
  2 small abominations (Lair:5)
  A bullfrog (Lair:3)
  An earth elemental (Elf:1)
  A gnoll sergeant (D:8)
  2 killer bees (Lair:3)
  An electric eel (Lair:5)
  A howler monkey (D:8)
  An orc priest (D:15)
  5 orc wizards
  A mummy (Ossuary)
  2 gnolls (D:8)
  An ufetubus (Gauntlet)
  7 orcs
  A kobold zombie (Ossuary)
67 creatures vanquished.

Vanquished Creatures (others)
  A sun moth (Spider:2)
  A saltling (Desolation)
  A redback (Spider:4)
  18 hexers
21 creatures vanquished.

Grand Total: 896 creatures vanquished

Notes
Turn   | Place    | Note
-------+----------+-------------------------------------------
     0 | D:1      | Maratek the Minotaur Fighter began the quest for the Orb.
     0 | D:1      | Reached XP level 1. HP: 19/19 MP: 0/0
   118 | D:1      | Reached XP level 2. HP: 27/27 MP: 1/1
   652 | D:1      | Reached XP level 3. HP: 33/33 MP: 2/2
   868 | D:1      | Identified 3 scrolls of acquirement
   868 | D:1      | Acquired the +6 lajatang of Balance {spect, rCorr}
   869 | D:1      | Acquired 402 gold pieces
   871 | D:1      | Acquired the ring "Gaehi" {rF+ Str+6 Int+3 Dex+3}
  1135 | D:2      | Noticed Robin
  1146 | D:2      | Killed Robin
  1149 | D:2      | Reached XP level 4. HP: 7/40 MP: 3/3
  1606 | D:3      | Noticed Ijyb
  1613 | D:3      | Killed Ijyb
  1614 | D:3      | Reached skill level 1 in Dodging
  1647 | D:3      | Noticed Grinder
  1647 | D:3      | Paralysed by Grinder for 3 turns
  1655 | D:3      | Reached skill level 1 in Staves
  1663 | D:3      | Killed Grinder
  1664 | D:3      | Reached skill level 5 in Armour
  1664 | D:3      | Reached XP level 5. HP: 43/47 MP: 4/4
  1664 | D:3      | Reached XP level 6. HP: 49/53 MP: 5/5
  2009 | D:3      | Identified the +1 mace "Caikooki" {heavy, +Blink rPois
                  | Str-4 Dex+2}
  2102 | D:3      | Found a runed translucent door.
  2103 | D:3      | Noticed Crazy Yiuf
  2342 | D:4      | Found a glowing drain.
  2358 | Sewer    | Entered a sewer
  2454 | D:4      | Reached XP level 7. HP: 59/60 MP: 6/6
  2456 | D:4      | Reached skill level 5 in Staves
  2573 | D:4      | Found a glowing silver altar of Zin.
  2787 | D:5      | Entered Level 5 of the Dungeon
  2792 | D:5      | Reached skill level 5 in Fighting
  2956 | D:5      | Found a staircase to the Ecumenical Temple.
  2964 | D:5      | Reached skill level 1 in Stealth
  2972 | Temple   | Entered the Ecumenical Temple
  3132 | Temple   | Became a worshipper of Hepliaklqana the Forgotten
  3173 | D:5      | Reached XP level 8. HP: 59/69 MP: 7/7
  3744 | D:6      | Noticed Maggie
  3756 | D:6      | Killed Maggie
  3993 | D:6      | Noticed Sigmund
  3999 | D:6      | Killed Sigmund
  4109 | D:6      | Reached skill level 1 in Polearms
  4125 | D:6      | Reached * piety under Hepliaklqana
  4267 | D:6      | Reached XP level 9. HP: 70/70 MP: 8/8
  4297 | D:6      | Noticed Eustachio
  4306 | D:6      | Killed Eustachio
  4307 | D:6      | Reached skill level 2 in Polearms
  4656 | D:7      | Reached skill level 3 in Polearms
  4968 | D:7      | Found a sand-covered staircase.
  5037 | Ossuary  | Entered an ossuary
  5037 | Ossuary  | Reached ** piety under Hepliaklqana
  5049 | Ossuary  | Reached skill level 4 in Polearms
  5061 | Ossuary  | Remembered your ancestor Muretta as a hexer
  5209 | Ossuary  | Acquired the +3 plate armour "Xossaf" {Rampage Slay+6}
  5444 | D:8      | Reached skill level 5 in Polearms
  5474 | D:8      | Reached skill level 6 in Polearms
  5773 | D:8      | Found a radiant altar of Vehumet.
  5835 | D:8      | Found an opulent altar of Gozag.
  6043 | D:9      | Reached skill level 7 in Polearms
  6076 | D:9      | Reached XP level 10. HP: 68/79 MP: 9/9
  6271 | D:9      | Found a staircase to the Orcish Mines.
  6272 | D:9      | Noticed Prince Ribbit
  6289 | D:9      | Killed Prince Ribbit
  6290 | D:9      | Reached skill level 8 in Polearms
  6415 | D:9      | Reached *** piety under Hepliaklqana
  6520 | D:9      | Reached skill level 9 in Polearms
  6525 | D:9      | Found a staircase to the Lair.
  6531 | D:9      | Noticed an elephant
  6537 | D:9      | Killed an elephant
  6717 | D:9      | Reached skill level 10 in Polearms
  6925 | D:9      | Gained mutation: You are somewhat resistant to further
                  | mutation. [potion of mutation]
  7063 | D:10     | Entered Level 10 of the Dungeon
  7468 | D:10     | Found a sparkling altar of Nemelex Xobeh.
  7570 | D:10     | Found a stormy altar of Qazlal.
  8280 | D:11     | Reached skill level 11 in Polearms
  8280 | D:11     | Reached XP level 11. HP: 85/87 MP: 10/10
  8289 | D:11     | Noticed Maurice
  8290 | D:11     | Maurice stole 94 gold
  8291 | D:11     | Maurice stole an amulet of faith
  8293 | D:11     | Maurice stole the +6 lajatang of Balance {spect, rCorr}
  8296 | D:11     | Killed Maurice
  8346 | D:11     | Noticed Erica
  8349 | D:11     | Noticed a two-headed ogre
  8365 | D:11     | Killed Erica
  8369 | D:11     | Reached skill level 10 in Armour
  8370 | D:11     | Killed a two-headed ogre
  8374 | D:11     | Reached skill level 10 in Fighting
  8604 | D:11     | Reached **** piety under Hepliaklqana
  8765 | D:11     | Noticed a cyan ugly thing
  8776 | D:11     | Killed a cyan ugly thing
  8972 | D:12     | Reached skill level 12 in Polearms
  9029 | D:12     | Noticed a two-headed ogre
  9044 | D:12     | Killed a two-headed ogre
  9267 | D:12     | Noticed a boulder beetle
  9279 | D:12     | Killed a boulder beetle
  9356 | D:12     | Noticed a two-headed ogre
  9363 | D:12     | Killed a two-headed ogre
  9451 | D:12     | Reached skill level 13 in Polearms
  9451 | D:12     | Reached XP level 12. HP: 90/99 MP: 11/11
  9455 | D:12     | Noticed a boulder beetle
  9478 | D:12     | Killed a boulder beetle
  9479 | D:12     | Reached skill level 5 in Stealth
 10043 | D:13     | Noticed a boulder beetle
 10057 | D:13     | Killed a boulder beetle
 10115 | D:13     | Noticed a vault guard
 10116 | D:13     | Noticed a vault guard
 10116 | D:13     | Noticed a vault guard
 10116 | D:13     | Noticed a vault guard
 10118 | D:13     | Noticed a vault guard
 10121 | D:13     | Killed a vault guard
 10122 | D:13     | Noticed a vault guard
 10126 | D:13     | Noticed a vault guard
 10128 | D:13     | Killed a vault guard
 10134 | D:13     | Killed a vault guard
 10137 | D:13     | Killed a vault guard
 10138 | D:13     | Reached skill level 14 in Polearms
 10138 | D:13     | Noticed a vault guard
 10144 | D:13     | Killed a vault guard
 10187 | D:13     | Killed a vault guard
 10193 | D:13     | Killed a vault guard
 10463 | D:13     | Found a gate to the Vaults.
 10693 | D:13     | Killed a vault guard
 10779 | D:13     | Noticed a two-headed ogre
 10783 | D:13     | Noticed Jorgrun
 10788 | D:13     | Killed a two-headed ogre
 10805 | D:13     | Killed Jorgrun
 11148 | D:13     | Found Tiadwaud's Jewellery Shop.
 11148 | D:13     | Reached ***** piety under Hepliaklqana
 11374 | D:13     | Noticed a boulder beetle
 11386 | D:13     | Killed a boulder beetle
 11387 | D:13     | Reached XP level 13. HP: 107/107 MP: 12/12
 11388 | D:13     | Upgraded the game from 0.31-a0-981-geadf994542 to
                  | 0.31-a0-983-g7b6862f502
 11688 | D:14     | Noticed Lodul
 11699 | D:14     | Killed Lodul
 11788 | D:14     | Found Wakhliugu's General Store.
 12317 | D:14     | Found a broken altar of Ashenzari.
 12550 | D:14     | Reached skill level 15 in Polearms
 12583 | D:14     | Noticed a fire dragon
 12593 | D:14     | Found a runed translucent door.
 12593 | D:14     | Noticed an ettin
 12594 | D:14     | Identified the +5 long sword "Ysec Hei" {heavy, rElec rPois
                  | Int-5}
 12599 | D:14     | Reached skill level 5 in Shields
 12601 | D:14     | Noticed an ettin
 12606 | D:14     | Killed a fire dragon
 13122 | D:15     | Entered Level 15 of the Dungeon
 13122 | D:15     | Found a blossoming altar of Fedhas.
 13642 | D:15     | Noticed Rupert
 13647 | D:15     | Paralysed by Rupert for 5 turns
 13665 | D:15     | Killed Rupert
 13831 | D:15     | Found a staircase to the Depths.
 13842 | D:15     | Noticed a brown very ugly thing
 14173 | D:15     | Reached XP level 14. HP: 119/119 MP: 13/13
 14177 | D:15     | Killed a brown very ugly thing
 14406 | Orc:1    | Entered Level 1 of the Orcish Mines
 14730 | Orc:2    | Entered Level 2 of the Orcish Mines
 14774 | Orc:1    | Noticed Nergalle
 14791 | Orc:1    | Killed Nergalle
 14916 | Orc:1    | You are sucked into a shaft and drop 1 floor!
 15068 | Orc:2    | Found a staircase to the Elven Halls.
 15406 | Orc:2    | Found Yxeitips's Book Boutique.
 15583 | Orc:2    | Reached skill level 15 in Fighting
 15672 | Orc:2    | Paralysed by an orc sorcerer for 5 turns
 15875 | Orc:2    | Paralysed by an orc sorcerer for 2 turns
 15932 | Orc:2    | Found Zikiso's Armour Boutique.
 15936 | Orc:2    | Paralysed by an orc sorcerer for 4 turns
 16072 | Orc:2    | Found Ukudep's Armour Shoppe.
 16079 | Orc:2    | Found Bibb's Armour Shoppe.
 16087 | Orc:2    | Bought a +2 pair of gloves of dexterity for 344 gold pieces
 16224 | Lair:1   | Entered Level 1 of the Lair of Beasts
 16265 | Lair:1   | Found a hazy altar of Hepliaklqana.
 16471 | Lair:1   | Found a runed translucent gate.
 16471 | Lair:1   | Found a runed translucent gate.
 16471 | Lair:1   | Found a runed translucent gate.
 16583 | Lair:1   | Reached skill level 16 in Polearms
 16731 | Lair:1   | Noticed Zgarb's ghost (journeyman TrSh)
 16952 | Lair:1   | Reached ****** piety under Hepliaklqana
 17388 | Lair:2   | Noticed makewrite's ghost (journeyman MiBe)
 17389 | Lair:2   | Found a transporter.
 17721 | Lair:2   | Found a transporter.
 17766 | Lair:3   | Found a runed translucent gate.
 17895 | Lair:3   | Found a gate leading to a gauntlet.
 17943 | Gauntlet | Entered a Gauntlet
 17943 | Gauntlet | Found a transporter.
 17943 | Gauntlet | Found a transporter.
 17947 | Gauntlet | Found a transporter.
 17947 | Gauntlet | Found a transporter.
 17959 | Gauntlet | Found a transporter.
 18003 | Gauntlet | Found a transporter.
 18059 | Gauntlet | Found a transporter.
 18089 | Gauntlet | Found a transporter.
 18113 | Gauntlet | Identified the ring "Atoob" {Wiz Will+}
 18121 | Gauntlet | Noticed a reaper
 18129 | Gauntlet | Found a transporter.
 18131 | Gauntlet | Found a transporter.
 18139 | Gauntlet | Found a transporter.
 18151 | Gauntlet | Killed a reaper
 18156 | Gauntlet | Found a transporter.
 18157 | Gauntlet | Identified the +0 pair of gloves of the Mind {Will+ Int+5}
 18327 | Lair:3   | Found a hole to the Spider Nest.
 18360 | Lair:3   | Found a runed translucent gate.
 18360 | Lair:3   | Found a runed translucent gate.
 18362 | Lair:3   | Noticed Mustrin's ghost (adept OpCA)
 18509 | Lair:3   | Reached skill level 15 in Armour
 18678 | Lair:3   | Found a staircase to the Shoals.
 19431 | Lair:4   | Reached XP level 15. HP: 129/129 MP: 14/14
 19923 | Lair:5   | Entered Level 5 of the Lair of Beasts
 20351 | Lair:5   | Identified the +1 robe of the Sun {rElec rC+ Dex+3}
 20656 | Lair:5   | Identified the +0 sling of Causality {drain, *Corrode rF+
                  | Str+4 Int+2}
 20678 | Lair:5   | Reached skill level 17 in Polearms
 20745 | Lair:5   | Found a corrupted altar of Lugonu.
 20745 | Lair:5   | Found a one-way gate to the infinite horrors of the Abyss.
 21074 | Lair:5   | Reached skill level 10 in Shields
 21087 | Lair:5   | Found a staircase to the Slime Pits.
 21717 | Spider:1 | Entered Level 1 of the Spider Nest
 22801 | Spider:2 | Reached skill level 10 in Stealth
 22979 | Spider:2 | Reached XP level 16. HP: 135/136 MP: 15/15
 24732 | Spider:4 | Entered Level 4 of the Spider Nest
 25319 | Spider:4 | Identified the maw talisman of Kydiule {rN++ Will+ Dex-5
                  | Stlth+}
 25605 | Spider:4 | HP: 6/139 [disintegration (52)]
 25907 | Spider:4 | Reached skill level 18 in Polearms
 25935 | Spider:4 | Noticed Arachne
 25952 | Spider:4 | Killed Arachne
 26612 | Spider:4 | Identified the +2 pair of boots of Gravity {Str+3}
 26642 | Spider:4 | Got a gossamer rune of Zot
 27055 | Spider:3 | Lost mutation: You are somewhat resistant to further
                  | mutation. [potion of mutation]
 27055 | Spider:3 | Gained mutation: You are agile. (Dex +4, Str/Int -1)
                  | [potion of mutation]
 27055 | Spider:3 | Gained mutation: You are occasionally teleported next to
                  | monsters. [potion of mutation]
 27056 | Spider:3 | Lost mutation: You are occasionally teleported next to
                  | monsters. [potion of mutation]
 27056 | Spider:3 | Lost mutation: You are agile. (Dex +4, Str/Int -1) [potion
                  | of mutation]
 27056 | Spider:3 | Gained mutation: Your spells are a little harder to cast,
                  | but a little more powerful. [potion of mutation]
 27304 | Shoals:4 | Identified the of Wejahurph
 27304 | Depths:1 | Identified the "Elithinn"
 27304 | Depths:3 | Identified the "Ophudit"
 27304 | Depths:3 | Identified the "Gagumim"
 27304 | Elf:1    | Identified the "Ocutraf"
 27304 | Elf:1    | Entered Level 1 of the Elven Halls
 27375 | Elf:1    | Noticed Roxanne
 27412 | Elf:1    | Reached XP level 17. HP: 120/145 MP: 12/16
 27929 | Elf:1    | Identified the +4 mace of Compassion {flame, +Blink Dex+4}
 28481 | Desolati | Identified the "Xerr"
 28544 | Elf:2    | Found a crumbling gateway.
 28556 | Desolati | Entered the Desolation of Salt
 28885 | Desolati | HP: 1/132 [halazid warlock (11)]
 28885 | Desolati | Mangled by a halazid warlock

Illustrated notes

Levels and vault maps discovered:
D:1:      lightli_arrival_isolated_outpost, layout_loops_ring, serial_rivers,
          chequers_serial_rivers_micro_a, chequers_serial_rivers_micro_c,
          chequers_serial_rivers_small_a, chequers_serial_rivers_micro_b,
          chequers_serial_rivers_large_b, chequers_serial_rivers_room_a
D:2:      layout_rooms, uniq_robin
D:3:      layout_rooms, hangedman_decor_growths, uniq_crazy_yiuf_cottage,
          uniq_grinder, uniq_ijyb
D:4:      layout_cave_pools, zin_scriptorium, gup_sewer_entry_pipe
D:5:      layout_loops_ring, minmay_temple_entry_ruins, serial_aquarium,
          aquarium_bridge_island_small [aquarium_subvault_small_open,
          aquarium_subvault_bridge, aquarium_subvault_bridge,
          aquarium_subvault_window, aquarium_subvault_bridge],
          aquarium_window_corridor_1, aquarium_window_1, aquarium_window_fake,
          aquarium_view_2b, aquarium_view_2c, aquarium_pool_2
D:6:      layout_basic, uniq_eustachio, uniq_sigmund, uniq_maggie
D:7:      layout_basic, enter_ossuary_2, serial_bayou_pond_d,
          minmay_strange_pillars
D:8:      layout_basic, nicolae_gozag_seed_capital, vehumet_altar_wand_db
D:9:      layout_basic, grunt_lair_entry_orc_guard_hut, david_orc_2,
          uniq_prince_ribbit1
D:10:     layout_basic, nicolae_qazlal_eye_of_the_storm,
          nemelex_diamond_rough_becter
D:11:     layout_cave_pools, uniq_maurice, uniq_erica
D:12:     layout_roguey
D:13:     layout_irregular_city, erik_vaults_2, glass_columns_b,
          grunt_decor_fettered, corexii_hall_statues_x, nicolae_take_the_stairs,
          uniq_jorgrun
D:14:     layout_basic, nicolae_ashenzari_panopticon, serial_shops,
          nicolae_shop_stone, minmay_hidden_floor, uniq_lodul
D:15:     hangedman_depths_entry_try_elsewhere_first, layout_rooms,
          fedhas_altar_fruit_tree, uniq_rupert
Temple:   minmay_crystal_spiral_temple
Lair:1:   layout_cave_pods, gammafunk_ghost_icy, basic_altar
Lair:2:   layout_big_grid, gammafunk_ghost_arena, lemuel_fruit_tree
Lair:3:   layout_gridlike, elwin_shoals_entry_rooms,
          spider_nest_entry_funnel_web, special_room [special_room_bee],
          gammafunk_ghost_hydra_chop, gauntlet_entry_generic
Lair:4:   layout_long_grid
Lair:5:   hellmonk_lair_end_abyssal_woods, layout_cave_pods, slime_entry_1,
          serial_bayou_ford_a
Spider:1: layout_spider_delve
Spider:2: layout_spider_delve, hangedman_spider_tarantella_strand
Spider:3: layout_spider_delve, nicolae_spider_wall_of_niches
Spider:4: spider_rune_water, uniq_arachne
Orc:1:    layout_caves, uniq_nergalle
Orc:2:    st_orc_elflike, layout_caves, nicolae_orc_flooded_monolith
Elf:1:    minmay_elf_arrival_summoners, layout_loops_cross,
          minmay_elf_annihilation, minivault_19, minivault_27, uniq_roxanne
Elf:2:    elven_hall_of_blades_hangedman_original
          [nicolae_blade_entry_antechamber], layout_gridlike,
          portal_desolation_entry_garden, st_stairs_7, abandoned_shop,
          lemuel_upstairs_altar
Desolation

Skill      XL: |  1  2  3  4  5  6  7  8  9 10 11 12 13 14 15 16 17 |
---------------+----------------------------------------------------+-----
Armour         | 4 5 6 7 8 9 11 12 13 15 16 17 | 17.0
Shields        | 4 6 9 11 14 | 14.7
Fighting       | 4 5 6 7 9 11 12 14 16 17 | 17.9
Axes           | 3 |  3.5
Dodging        | 2 3 4 |  4.6
Staves         | 3 4 7 9 |  9.5
Stealth        | 1 2 4 6 7 8 10 11 | 11.5
Polearms       | 1 7 11 13 14 15 16 17 18 | 18.5
Evocations     | |  0.2

Action                     |  1- 3 |  4- 6 |  7- 9 | 10-12 | 13-15 | 16-18 || total
---------------------------+-------+-------+-------+-------+-------+-------++-------
  Melee: War axe           |    34 |       |       |       |       |       ||    34
         Headbutt          |     3 |     8 |    31 |    90 |   230 |   149 ||   511
         Lajatang          |    18 |    63 |    48 |       |       |       ||   129
         Lance             |       |       |   164 |   414 |  1141 |   625 ||  2344
         Punch             |       |       |     1 |     2 |       |       ||     3
 Invoke: Ancestor Life: He |       |       |     1 |       |       |       ||     1
         Ancestor Identity |       |       |       |       |       |     1 ||     1
  Evoke: Sack of spiders   |       |       |       |       |     1 |     1 ||     2
         Wand              |       |       |       |       |     1 |       ||     1
    Use: Scroll            |    10 |     4 |     4 |     4 |    12 |     6 ||    40
         Potion            |       |       |       |    13 |     7 |     8 ||    28
   Stab: Distracted        |       |     1 |       |     6 |    12 |     6 ||    25
         Confused          |       |       |       |    14 |    16 |    10 ||    40
         Paralysed         |       |       |       |       |    20 |    26 ||    46
         Invisible         |       |       |       |       |     9 |       ||     9
 Armour: Scale mail        |    50 |    29 |    86 |       |       |       ||   165
         Plate armour      |       |       |    35 |   160 |   393 |   250 ||   838
  Dodge: Dodged            |    38 |    39 |    83 |    66 |   140 |    90 ||   456
  Block: Buckler           |     8 |       |       |       |       |       ||     8
         Other             |       |       |       |     5 |       |       ||     5
         Kite shield       |       |       |       |     3 |   511 |   336 ||   850
         Reflection        |       |       |       |       |    13 |     3 ||    16

Table legend: (Time is in decaauts)
 A = Elapsed time spent in this place.
 B = Non-inter-level travel time spent in this place.
 C = Inter-level travel time spent in this place.
 D = Time resting spent in this place.
 E = Time spent auto-exploring this place.
 F = Levels seen in this place.
 G = Mean time per level.
                   A        B        C        D        E       F      G
               +--------+--------+--------+--------+--------+-----+--------+
         Total |  27994 |  25933 |   2061 |   2760 |  18854 |  33 |  848.3 |
       Dungeon |  13802 |  12643 |   1159 |   1273 |   9494 |  15 |  920.1 |
        Temple |    180 |      2 |    178 |      0 |      0 |   1 |  180.0 |
          Lair |   5444 |   5039 |    405 |    588 |   3696 |   5 | 1088.8 |
   Spider Nest |   4793 |   4584 |    209 |    288 |   3523 |   4 | 1198.2 |
  Orcish Mines |   1739 |   1658 |     81 |    441 |    910 |   2 |  869.5 |
   Elven Halls |   1193 |   1166 |     27 |      0 |    920 |   2 |  596.5 |
         Sewer |     70 |     70 |      0 |      0 |     27 |   1 |   70.0 |
       Ossuary |    184 |    184 |      0 |      0 |    113 |   1 |  184.0 |
    Desolation |    303 |    303 |      0 |    170 |     89 |   1 |  303.0 |
      Gauntlet |    281 |    281 |      0 |      0 |     82 |   1 |  281.0 |
               +--------+--------+--------+--------+--------+-----+--------+

Top non-repeatable levels by time:
Spider:4: 2214 daAuts
    D:14: 1792 daAuts
    D:13: 1525 daAuts
  Lair:5: 1432 daAuts
  Lair:3: 1407 daAuts
    D:10: 1225 daAuts
   Elf:1: 1120 daAuts
     D:1: 1108 daAuts
Spider:3: 1094 daAuts
     D:9: 1089 daAuts
  Lair:4: 1067 daAuts
    D:12: 1039 daAuts
     D:5: 968 daAuts
  Lair:1: 968 daAuts
   Orc:2: 958 daAuts
